 Dungeon Crawl Stone Soup version 0.29.1-12-g30fa7ad0bf (webtiles) character file.

Game seed: 17668471937515570128

4004 javelincjr the Cleaver (level 10, -16/76 HPs)
             Began as a Demonspawn Gladiator on Jan 9, 2023.
             Demolished by a two-headed ogre
             ... wielding a +0 giant club
              (26 damage)
             ... on level 8 of the Dungeon.
             The game lasted 00:26:47 (6999 turns).

javelincjr the Cleaver (Demonspawn Gladiator)       Turns: 6999, Time: 00:26:48

Health: -16/76     AC: 13    Str: 15    XL:     10   Next: 3%
Magic:  10/10      EV: 16    Int: 11    God:
Gold:   322        SH:  4    Dex: 16    Spells: 8/9 levels left

rFire   . . .      SeeInvis .   s - +5 mace of Suicidal Tendencies {vorpal, rElec rPois rN++ Int-2}
rCold   . . .      Faith    .   (no shield)
rNeg    + + .      Spirit   .   u - +4 scale mail "Tyikh" {Regen+ rCorr Int+3 Stlth+}
rPois   +          Reflect  .   (helmet restricted)
rElec   +          Harm     .   (no cloak)
rCorr   +          Rampage  .   (no gloves)
Will    .....                   x - +1 pair of boots
Stlth   ++........              (no amulet)
HPRegen 1.02/turn               (no ring)
MPRegen 0.12/turn               (no ring)

@: agile
A: antennae 2, large bone plates 1, powered by death 1, powered by pain 2, weak
1, evolution 1
a: no special abilities


You were on level 8 of the Dungeon.
You visited 2 branches of the dungeon, and saw 9 of its levels.

You collected 322 gold pieces.

Inventory:

Hand Weapons
 a - a +1 war axe
 s - the +5 mace of Suicidal Tendencies (weapon) {vorpal, rElec rPois rN++ Int-2}
   (You found it on level 6 of the Dungeon)

   It inflicts extra damage upon your enemies.
   Int:       It affects your intelligence (-2).
   rElec:     It insulates you from electricity.
   rPois:     It protects you from poison.
   rN:        It greatly protects you from negative energy.
 t - a +3 dagger of venom
Missiles
 d - 3 throwing nets
 e - 5 javelins
 o - 11 poisoned darts (quivered)
Armour
 c - a +1 helmet
 u - the +4 scale mail "Tyikh" (worn) {Regen+ rCorr Int+3 Stlth+}
   (You found it on level 3 of the Dungeon)

   Int:       It affects your intelligence (+3).
   Regen:     It increases your rate of health regeneration.
   rCorr:     It protects you from acid and corrosion.
   Stlth:     It makes you more stealthy.
 x - a +1 pair of boots (worn)
Jewellery
 g - a ring of see invisible
 h - a ring of willpower
Wands
 r - a wand of roots (10)
 v - a wand of flame (15)
Scrolls
 l - 2 scrolls of identify
 m - 2 scrolls of noise {unknown}
 p - a scroll of teleportation
 w - a scroll of silence
Potions
 b - a potion of might
 f - 3 potions of attraction
 i - 2 potions of flight
 j - a potion of brilliance {unknown}
 k - a potion of resistance
 n - 2 potions of curing {unknown}
 q - a potion of magic {unknown}


   Skills:
 + Level 6.1 Fighting
 + Level 9.0(9.3) Axes
 + Level 4.0(7.0) Maces & Flails
 + Level 2.2 Throwing
 + Level 4.7 Armour
 + Level 5.0 Dodging
 + Level 1.4 Stealth
 + Level 3.1 Shields


You had 8 spell levels left.
You knew the following spells:

 Your Spells              Type           Power      Damage    Failure   Level
a - Sting                 Tmut/Pois      0%         1d3       77%         1

Your spell library contained the following spells:

 Spells                   Type           Power      Damage    Failure   Level
 Magic Dart               Conj           0%         1d3       77%         1
 Call Imp                 Summ           0%         N/A       88%         2
 Poisonous Vapours        Pois/Air       0%         N/A       88%         2
 Mephitic Cloud           Conj/Pois/Air  0%         N/A       98%         3
 Olgreb's Toxic Radiance  Pois           0%         N/A       100%        4


Dungeon Overview and Level Annotations

Branches:
Dungeon (8/15)             Temple (1/1) D:4
   Lair: D:8-11

Altars:
Ashenzari
Cheibriados
Fedhas
Gozag
Hepliaklqana
Kikubaaqudgha
Nemelex Xobeh
Okawaru
Qazlal
Sif Muna
Trog
Uskayaw
Wu Jian
Xom
Yredelemnul

Shops:
D:3 :   D:6 (   D:7 =


Innate Abilities, Weirdness & Mutations

You have a pair of antennae on your head.
You are partially covered in large bone plates. (SH +4)
You regenerate a little health from kills.
You sometimes gain power by taking damage.
You are weak. (Str -2)
You have hidden genetic potential.


Message History

You climb downwards.
There is a stone staircase leading up here.
The two-headed ogre hits you with a +0 giant club!
You focus on the pain.
You feel agile all of a sudden. You block the two-headed ogre's attack.
You barely miss the two-headed ogre. You hit the two-headed ogre.
The two-headed ogre is lightly wounded.
The two-headed ogre hits you with a +0 giant club!
The two-headed ogre barely misses you.
You hit the two-headed ogre.
The two-headed ogre is moderately wounded.
The two-headed ogre hits you with a +0 giant club!
The two-headed ogre hits you but does no damage.
You hit the two-headed ogre.
The two-headed ogre is moderately wounded.
You barely miss the two-headed ogre.
The two-headed ogre is moderately wounded.
The two-headed ogre hits you with a +0 giant club!!
The two-headed ogre barely misses you.
You hit the two-headed ogre.
The two-headed ogre is heavily wounded.
The two-headed ogre closely misses you. The two-headed ogre barely misses you.
You sock the two-headed ogre!
The two-headed ogre is severely wounded.
The two-headed ogre hits you with a +0 giant club.
* * * LOW HITPOINT WARNING * * *
The two-headed ogre misses you.
You barely miss the two-headed ogre.
The two-headed ogre is severely wounded.
You hit the two-headed ogre.
The two-headed ogre is almost dead.
The two-headed ogre hits you with a +0 giant club!
* * * LOW HITPOINT WARNING * * *
The two-headed ogre misses you.
You hit the two-headed ogre.
The two-headed ogre is almost dead.
The two-headed ogre hits you with a +0 giant club!!
You die...

## . { { #. {
.#.##.#########
.......<.......
.####..@.......
......O......#.
###.#........#
.. #.########
## ##


You could see a two-headed ogre.

Vanquished Creatures
  Pikel (D:7)
  A komodo dragon (D:5)
  Prince Ribbit (D:6)
  3 yaks (D:7)
  2 water moccasins
  3 ice beasts
  A centaur (D:5)
  2 ogres (D:6)
  A phantom (D:5)
  A lemure (D:7)
  A kobold brigand (D:7)
  2 bullfrogs
  5 necrophages
  5 scorpions
  5 electric eels (D:6)
  A howler monkey (D:6)
  A vampire bat (D:3)
  2 jellies
  3 orc priests (D:7)
  A hound (D:5)
  A gnoll bouda (D:7)
  4 iguanas
  5 orc wizards
  2 adders
  12 gnolls
  A shadow imp (D:3)
  An ufetubus (D:7)
  4 worms
  3 dart slugs
  3 fire bats (D:3)
  24 orcs
  2 spectral bats (D:3)
  3 bat skeletons (D:3)
  A bat zombie (D:3)
  8 endoplasms
  14 giant cockroaches
  6 goblins
  11 hobgoblins
  9 kobolds
  4 quokkas
  2 ball pythons
  14 bats
  A bat simulacrum (D:3)
  3 frilled lizards
  5 rats
185 creatures vanquished.

Vanquished Creatures (others)
  3 fungi (D:1)
  5 plants (D:6)
8 creatures vanquished.

Grand Total: 193 creatures vanquished

Notes
Turn   | Place    | Note
-------+----------+-------------------------------------------
     0 | D:1      | javelincjr the Demonspawn Gladiator began the quest for the
                  | Orb.
     0 | D:1      | Reached XP level 1. HP: 16/16 MP: 1/1
   296 | D:1      | Gained mutation: You sometimes gain a little power by
                  | taking damage. [demonic ancestry]
   296 | D:1      | Reached XP level 2. HP: 22/22 MP: 2/2
   517 | D:1      | Reached skill level 3 in Axes
   679 | D:1      | Reached XP level 3. HP: 27/27 MP: 3/3
  1366 | D:2      | Found a faded altar of an unknown god.
  1841 | D:3      | Found a hazy altar of Hepliaklqana.
  2275 | D:3      | Gained mutation: You are partially covered in large bone
                  | plates. (SH +4) [demonic ancestry]
  2275 | D:3      | Reached XP level 4. HP: 10/34 MP: 4/4
  2563 | D:3      | Found Ehoops's Book Shoppe.
  2888 | D:3      | Reached skill level 1 in Armour
  2909 | D:3      | Gained mutation: You regenerate a little health from kills.
                  | [demonic ancestry]
  2909 | D:3      | Reached XP level 5. HP: 16/39 MP: 5/5
  3126 | D:3      | Reached skill level 4 in Axes
  3179 | D:3      | Identified the +4 scale mail "Tyikh" {Regen+ rCorr Int+3
                  | Stlth+}
  3720 | D:4      | Reached XP level 6. HP: 44/46 MP: 6/6
  3742 | D:4      | Found a basalt altar of Yredelemnul.
  3798 | D:4      | Found a staircase to the Ecumenical Temple.
  3813 | Temple   | Entered the Ecumenical Temple
  4077 | Temple   | Gained mutation: Your body sometimes deteriorates upon
                  | taking damage. [potion of mutation]
  4077 | Temple   | Lost mutation: Your body sometimes deteriorates upon taking
                  | damage. [potion of mutation]
  4077 | Temple   | Gained mutation: You are frail. (-10% HP) [potion of
                  | mutation]
  4077 | Temple   | Gained mutation: You are resistant to electric shocks.
                  | (rElec) [potion of mutation]
  4272 | D:4      | Reached skill level 1 in Shields
  4275 | D:4      | Found an ancient bone altar of Kikubaaqudgha.
  4349 | D:5      | Entered Level 5 of the Dungeon
  4468 | D:5      | Reached skill level 5 in Axes
  4493 | D:5      | Gained mutation: You have a pair of small antennae on your
                  | head. [demonic ancestry]
  4493 | D:5      | Reached XP level 7. HP: 36/46 MP: 7/7
  4601 | D:5      | Reached skill level 6 in Axes
  4617 | D:5      | Noticed a komodo dragon
  4635 | D:5      | Killed a komodo dragon
  4636 | D:5      | Gained mutation: You sometimes gain power by taking damage.
                  | [demonic ancestry]
  4636 | D:5      | Reached XP level 8. HP: 6/54 MP: 8/8
  4939 | D:5      | Reached skill level 7 in Axes
  5254 | D:6      | Noticed Prince Ribbit
  5272 | D:6      | Reached skill level 1 in Stealth
  5287 | D:6      | Killed Prince Ribbit
  5352 | D:6      | Reached skill level 8 in Axes
  5445 | D:6      | Found Natubb's Weapon Boutique.
  5457 | D:6      | Found a hide-covered altar of Uskayaw.
  5499 | D:6      | Reached XP level 9. HP: 31/60 MP: 9/9
  5616 | D:6      | Reached skill level 5 in Fighting
  5674 | D:6      | Found a shimmering blue altar of Sif Muna.
  5714 | D:6      | Identified the +5 mace of Suicidal Tendencies {vorpal,
                  | rElec rPois rN++ Int-2}
  6070 | D:7      | Found a stormy altar of Qazlal.
  6150 | D:7      | Lost mutation: You are resistant to electric shocks.
                  | (rElec) [potion of mutation]
  6150 | D:7      | Lost mutation: You are frail. (-10% HP) [potion of
                  | mutation]
  6150 | D:7      | Gained mutation: You have hidden genetic potential. [potion
                  | of mutation]
  6150 | D:7      | Gained mutation: You are weak. (Str -2) [potion of
                  | mutation]
  6303 | D:7      | Found Ipiocam's Jewellery Shop.
  6454 | D:7      | Reached skill level 9 in Axes
  6454 | D:7      | Reached skill level 1 in Maces & Flails
  6630 | D:7      | Noticed Pikel
  6661 | D:7      | Killed Pikel
  6662 | D:7      | Reached skill level 5 in Dodging
  6679 | D:7      | Learned a level 1 spell: Sting
  6845 | D:7      | Gained mutation: You have a pair of antennae on your head.
                  | [demonic ancestry]
  6845 | D:7      | Reached XP level 10. HP: 76/76 MP: 10/10
  6874 | D:7      | Found a sparkling altar of Nemelex Xobeh.
  6988 | D:8      | Noticed a two-headed ogre
  6999 | D:8      | Demolished by a two-headed ogre

Illustrated notes

Levels and vault maps discovered:
D:1:      erik_arrival_triangle_small, layout_loops_ring,
          dreamdust_mushroom_princess, minmay_worlds_worst_comb
D:2:      layout_loops_ring, basic_altar, shapermc_ecumenical_altar_pompeii,
          kennysheep_generic_room_4
D:3:      layout_loops_corners, amcnicky_altar_gilded, serial_shops,
          nicolae_lakefront_shop, dk_noncrumbling_2, goddamned_bats
D:4:      layout_rooms, marbit_many_paths, mainiacjoe_overflow_boulevard,
          minmay_temple_entry_crystal_x, sigmund_army
D:5:      cheibrodos_quashed, layout_basic, minmay_splitting_lines
D:6:      layout_rooms, lemuel_blue_sif_altar, eat_drink_and_be_merry_uskayaw,
          serial_shops, nicolae_shop_crystal, serial_bayou, serial_bayou_pond_d,
          serial_bayou_crossing, serial_bayou_lagoon_b, serial_bayou_pond_c,
          nrook_uturn, uniq_prince_ribbit1
D:7:      layout_basic, mainiacjoe_overflow_tiny_flanked,
          mainiacjoe_overflow_alcove_2, serial_shops, nicolae_shop_stone,
          uniq_pikel
D:8:      kennysheep_windowed_halls, layout_basic, overflow_temple_1_default,
          dk_noncrumbling_3, kennysheep_small_spiral
Temple:   dpeg_chambers_temple

Skill      XL: |  1  2  3  4  5  6  7  8  9 |
---------------+----------------------------+-----
Dodging        | 3 4 5 |  5.0
Axes           | 3 4 5 6 8 9 |  9.0
Armour         | 1 2 3 4 |  4.7
Shields        | 1 2 3 |  3.1
Fighting       | 3 4 6 |  6.1
Throwing       | 2 |  2.2
Stealth        | 1 |  1.4
Maces & Flails | 4 |  4.0

Action                   |  1- 3 |  4- 6 |  7- 9 | 10-12 || total
-------------------------+-------+-------+-------+-------++-------
Melee: War axe           |   147 |   173 |   241 |       ||   561
       Punch             |     1 |     2 |     3 |       ||     6
       Mace              |       |       |   104 |    10 ||   114
Throw: Dart              |       |       |     4 |       ||     4
 Cast: Sting             |       |       |     1 |       ||     1
  Use: Scroll            |     1 |    10 |     2 |       ||    13
       Potion            |       |     3 |     1 |       ||     4
 Stab: Sleeping          |     1 |     2 |     1 |       ||     4
Armor: Leather armour    |    43 |    53 |       |       ||    96
       Scale mail        |       |    67 |   129 |     1 ||   197
Dodge: Dodged            |    95 |   168 |   141 |     6 ||   410
Block: Other             |       |    43 |    65 |     1 ||   109
